 Dungeon Sprint DCSS version 0.27-a0-277-g024f7ef292 (webtiles) character file.

Game seed: 13706607727383716207

2494 mhtbhm the Cleaver (level 9, -7/90 HPs)
             Began as a Minotaur Fighter on Feb 7, 2021.
             Was a High Priest of Trog.
             Mangled by a boulder beetle (19 damage)
             ... in the Dungeon (Sprint VII: "The Pits").
             The game lasted 00:02:16 (844 turns).

mhtbhm the Cleaver (Minotaur Fighter)                Turns: 844, Time: 00:02:16

Health: -7/90      AC: 15    Str: 24    XL:     9   Next: 28%
Magic:  8/8        EV: 11    Int:  5    God:    Trog [*****.]
Gold:   0          SH: 13    Dex: 10    Spells: 8/8 levels left

rFire    . . .     SeeInvis .   a - +4 hand axe (freeze)
rCold    + . .     Faith    .   c - +0 kite shield
rNeg     . . .     Spirit   .   b - +3 scale mail {rC+}
rPois    .         Reflect  .   (helmet restricted)
rElec    .         Harm     .   n - +0 cloak
rCorr    .         Rampage  .   r - +0 pair of gloves
Will     .....     NoTele   +   (no boots)
Stlth    ..........             (no amulet)
HPRegen  0.25/turn              (no ring)
MPRegen  0.11/turn              (no ring)

@: berserk cooldown, slowed, very slow
A: retaliatory headbutt, horns 2
a: Renounce Religion, Berserk, Trog's Hand, Brothers in Arms


You were in the Dungeon.
You worshipped Trog.
Trog was extremely pleased with you.
You visited 1 branch

Inventory:

Hand Weapons
 a - a +4 hand axe of freezing (weapon)
Armour
 b - a +3 scale mail of cold resistance (worn)
 c - a +0 kite shield (worn)
 n - a +0 cloak (worn)
 r - a +0 pair of gloves (worn)
Jewellery
 o - a +3 ring of strength
 p - a +3 ring of dexterity
Scrolls
 j - a scroll of blinking
 l - 3 scrolls of remove curse
 m - a scroll of summoning
Potions
 d - a potion of might
 e - 7 potions of curing
 f - 4 potions of heal wounds
 g - 3 potions of haste
 h - 4 potions of magic
 i - 4 potions of berserk rage
 k - 2 potions of invisibility
 q - 3 potions of resistance


   Skills:
 + Level 12.0 Fighting
 + Level 14.0 Axes
 + Level 11.0 Armour
 + Level 4.0 Dodging
 + Level 0.9 Stealth
 + Level 13.4 Shields


You had 8 spell levels left.
You didn't know any spells.
Your spell library was empty.

Dungeon Overview and Level Annotations

Branches:
Dungeon (1/1)

Altars:
Ashenzari
Cheibriados
Dithmenos
Elyvilon
Fedhas
Gozag
Hepliaklqana
Kikubaaqudgha
Makhleb
Nemelex Xobeh
Okawaru
Qazlal
Ru
Sif Muna
Trog
Uskayaw
Vehumet
Wu Jian
Xom
Yredelemnul
Zin
The Shining One
Beogh
Jiyva
Lugonu


Innate Abilities, Weirdness & Mutations

You reflexively headbutt those who attack you in melee.
You have a pair of horns on your head.


Message History

Okay, then.
You feel much better.
The merfolk aquamancer points at you and mumbles some strange words.
The ball of steam hits you!!
* * * LOW HITPOINT WARNING * * *
The boulder beetle bites you!
* * * LOW HITPOINT WARNING * * *
Okay, then.
You feel much better.
You are engulfed in a cloud of scalding steam.
The merfolk aquamancer gestures wildly while chanting.
The merfolk aquamancer blinks!
The boulder beetle is engulfed in a cloud of scalding steam.
The boulder beetle bites you!!
* * * LOW HITPOINT WARNING * * *
The water elemental is engulfed in a cloud of scalding steam.
You block the water elemental's attack.
The boulder beetle waves its antennae.
The boulder beetle bites you!!
You die...

#..# #..# ########
#..# ...##..# #..#
...##..# #..#
...''..# #..#
...''..##########§.#
...##...†......≈§B)#
...##..........≈@EE#
####################


You could see a boulder beetle and 2 water elementals.

Vanquished Creatures
  A skeletal warrior (D)
  A molten gargoyle (D)
  A redback (D)
  A wyvern (D)
  2 water elementals (D)
  An acid dragon (D)
  A soldier ant (D)
  A floating eye (D)
  An orc warrior (D)
  A sky beast (D)
  A centaur (D)
  A big kobold (D)
  A bullfrog (D)
  A scorpion (D)
  5 wights (D)
  A quasit (D)
  A jelly (D)
  Crazy Yiuf (D)
  Terence (D)
  2 adders (D)
  An ufetubus (D)
  An ooze (D)
  2 orcs (D)
  A bat (D)
  A goblin (D)
  A leopard gecko skeleton (D)
33 creatures vanquished.

Notes
Turn   | Place    | Note
-------+----------+-------------------------------------------
     0 | D        | mhtbhm the Minotaur Fighter began the quest for the Orb.
     0 | D        | Reached XP level 1. HP: 19/19 MP: 0/0
    17 | D        | Found a bloodstained altar of Trog.
    17 | D        | Found a shimmering blue altar of Sif Muna.
    17 | D        | Found a viscous altar of Jiyva.
    17 | D        | Found a hazy altar of Hepliaklqana.
    17 | D        | Found an opulent altar of Gozag.
    18 | D        | Found a glowing golden altar of the Shining One.
    18 | D        | Found a glowing silver altar of Zin.
    18 | D        | Found a basalt altar of Yredelemnul.
    18 | D        | Found a shimmering altar of Xom.
    18 | D        | Found an ornate altar of the Wu Jian Council.
    18 | D        | Found a sacrificial altar of Ru.
    18 | D        | Found a stormy altar of Qazlal.
    18 | D        | Found an iron altar of Okawaru.
    18 | D        | Found a sparkling altar of Nemelex Xobeh.
    18 | D        | Found a burning altar of Makhleb.
    18 | D        | Found a blossoming altar of Fedhas.
    18 | D        | Found a white marble altar of Elyvilon.
    18 | D        | Found a shadowy altar of Dithmenos.
    18 | D        | Found a snail-covered altar of Cheibriados.
    20 | D        | Found a radiant altar of Vehumet.
    20 | D        | Found a corrupted altar of Lugonu.
    20 | D        | Found a roughly hewn altar of Beogh.
    22 | D        | Became a worshipper of Trog the Wrathful
    58 | D        | Noticed a floating eye
    61 | D        | Paralysed by a floating eye for 2 turns
    62 | D        | Reached XP level 2. HP: 28/28 MP: 1/1
    65 | D        | Paralysed by a floating eye for 3 turns
    68 | D        | Killed a floating eye
    69 | D        | Reached skill level 4 in Axes
    69 | D        | Reached XP level 3. HP: 39/39 MP: 2/2
    69 | D        | Reached XP level 4. HP: 47/47 MP: 3/3
    78 | D        | Reached * piety under Trog
    88 | D        | Reached ** piety under Trog
    96 | D        | Reached XP level 5. HP: 45/53 MP: 4/4
   172 | D        | Noticed Terence
   173 | D        | Noticed a sky beast
   180 | D        | Reached skill level 5 in Axes
   180 | D        | Reached skill level 1 in Dodging
   181 | D        | Reached *** piety under Trog
   183 | D        | Noticed a centaur
   185 | D        | Reached skill level 6 in Axes
   185 | D        | Reached XP level 6. HP: 45/62 MP: 5/5
   193 | D        | Killed a sky beast
   196 | D        | Killed Terence
   197 | D        | Reached skill level 7 in Axes
   204 | D        | Reached **** piety under Trog
   205 | D        | Reached skill level 10 in Shields
   207 | D        | Reached skill level 8 in Axes
   220 | D        | Reached XP level 7. HP: 53/70 MP: 6/6
   223 | D        | Reached ***** piety under Trog
   224 | D        | Reached skill level 9 in Axes
   313 | D        | Noticed Crazy Yiuf
   318 | D        | Killed Crazy Yiuf
   414 | D        | Noticed a skeletal warrior
   423 | D        | Killed a skeletal warrior
   424 | D        | Reached skill level 10 in Fighting
   424 | D        | Reached skill level 11 in Axes
   424 | D        | Reached skill level 10 in Armour
   424 | D        | Reached XP level 8. HP: 73/81 MP: 7/7
   441 | D        | Received a gift from Trog
   493 | D        | Noticed a molten gargoyle
   498 | D        | Reached skill level 12 in Axes
   499 | D        | Killed a molten gargoyle
   631 | D        | Found a hide-covered altar of Uskayaw.
   631 | D        | Found an ancient bone altar of Kikubaaqudgha.
   631 | D        | Found a broken altar of Ashenzari.
   663 | D        | Reached skill level 13 in Axes
   663 | D        | Reached XP level 9. HP: 89/89 MP: 8/8
   815 | D        | Noticed a boulder beetle
   815 | D        | Noticed a merfolk aquamancer
   822 | D        | Received a gift from Trog
   824 | D        | Reached skill level 14 in Axes
   844 | D        | Mangled by a boulder beetle

Illustrated notes

Levels and vault maps discovered:
D:        pitsprint [storerooms_1, entrance_room_1, metal_vault_7, armoury_1,
          mini_pit_1, grid_room_1, main_hall_1, silver_pit, the_coven_2,
          the_vestibule_1, steel_vault_1, golden_pit, hallway_of_sentries,
          crystal_vault_1, iron_vault_1, final_vault]

Skill      XL: |  1  2  3  4  5  6  7  8  9 |
---------------+----------------------------+-----
Fighting       | 4 7 8 9 10 11 12 | 12.0
Armour         | 4 7 8 9 10 11 | 11.0
Shields        | 4 7 8 9 10 11 12 13 | 13.4
Axes           | 4 6 8 11 13 14 | 14.0
Dodging        | 1 2 3 4 |  4.0
Stealth        | |  0.9

Action                   |  1- 3 |  4- 6 |  7- 9 || total
-------------------------+-------+-------+-------++-------
Melee: Hand axe          |     8 |    52 |    54 ||   114
       War axe           |     3 |       |       ||     3
       Headbutt          |       |    11 |    15 ||    26
Invok: Berserk           |       |     1 |     3 ||     4
  Use: Potion            |       |       |     4 ||     4
Armor: Scale mail        |       |    16 |    12 ||    28
       Plate armour      |       |    20 |     1 ||    21
Dodge: Dodged            |     3 |    10 |    17 ||    30
Block: Kite shield       |     8 |    46 |    26 ||    80

Table legend: (Time is in decaauts)
 A = Elapsed time spent in this place.
 B = Non-inter-level travel time spent in this place.
 C = Inter-level travel time spent in this place.
 D = Time resting spent in this place.
 E = Time spent auto-exploring this place.
 F = Levels seen in this place.
 G = Mean time per level.
                   A        B        C        D        E       F      G
               +--------+--------+--------+--------+--------+-----+--------+
         Total |    856 |    856 |      0 |    372 |     92 |   1 |  856.0 |
       Dungeon |    856 |    856 |      0 |    372 |     92 |   1 |  856.0 |
               +--------+--------+--------+--------+--------+-----+--------+

Top non-repeatable levels by time:
       D: 856 daAuts
